 Dungeon Crawl Stone Soup version 0.31.0-11-ge490571c62 (webtiles) character file.

Game seed: 6583070472568505389

100 qw the Shooter (level 4, -4/22 HPs)
             Began as a Spriggan Hunter on Feb 4, 2024.
             Slain by a gnoll
             ... wielding a +0 flail of protection
              (6 damage)
             ... on level 2 of the Dungeon.
             The game lasted 00:00:03 (971 turns).

qw the Shooter (Spriggan Hunter)                     Turns: 971, Time: 00:00:04

Health: -4/22      AC:  3    Str:  7    XL:     4   Next: 47%
Magic:  5/5        EV: 20    Int: 10    God:
Gold:   38         SH:  0    Dex: 20    Spells: 3/3 levels left

rFire   . . .        a - +0 shortbow
rCold   . . .        (shield currently unavailable)
rNeg    . . .        c - +0 robe
rPois   .            (helmet restricted)
rElec   .            e - +0 cloak
rCorr   .            (gloves unavailable)
SInv    +            (boots unavailable)
Will    .....        (no amulet)
Stlth   ++           (no ring)
HPRegen 0.23/turn    (no ring)
MPRegen 0.09/turn

%: no passive effects
@: very quick
A: very small, no large weapons, unfitting armour, see invisible, speed 3
a: no special abilities


You were on level 2 of the Dungeon.
You visited 1 branch of the dungeon, and saw 2 of its levels.

You collected 38 gold pieces.


Innate Abilities, Weirdness & Mutations

You are very small and have problems with some larger weapons.
You are too small for most types of armour.
You have supernaturally acute eyesight. (SInv)
You cover ground extremely quickly. (Speed+++)


   Skills:
 + Level 1.5 Fighting
 - Level 5.0 Ranged Weapons
 - Level 5.0 Dodging
 - Level 1.5 Stealth


You had 3 spell levels left.
You didn't know any spells.
Your spell library was empty.

Inventory:

Hand Weapons
 a - a +0 shortbow (weapon)
Armour
 c - a +0 robe (worn)
 e - a +0 cloak (worn)
Scrolls
 d - a scroll of identify
Potions
 b - a potion of curing {unknown}
 f - a potion of invisibility {unknown}

Dungeon Overview and Level Annotations

Branches:
Dungeon (2/15)

Altars:

Annotations:
D:2 Jessica


Message History

An adder skeleton comes into view.
Jessica the Apprentice Sorceress comes into view.
She is wielding a +2 dagger of speed and carrying a wand of flame.
A gnoll comes into view. It is wielding a +0 spear.
Jessica shouts!
You hear a shout!
You hear an angry hiss.
You hear a shout!
You hear a bark!
A gnoll comes into view. It is wielding a +0 spear.
A jackal comes into view.
A jackal comes into view.
You shoot an arrow. The jackal barks!
The arrow hits the gnoll but does no damage.
You hear a bark!
A frilled lizard comes into view.
The gnoll hits you with a +0 flail of protection.
You shoot an arrow. The arrow closely misses the gnoll.
A jackal comes into view.
The gnoll closely misses you.
Jessica gestures wildly while chanting.
Jessica blinks!
You shoot an arrow. The arrow closely misses the gnoll.
The gnoll completely misses you.
An endoplasm comes into view.
A gnoll comes into view. It is wielding a +0 halberd.
You shoot an arrow. The arrow barely misses the gnoll.
The endoplasm quivers.
The gnoll completely misses you.
The gnoll hits you from afar with a +0 spear.
The gnoll completely misses you.
You shoot an arrow. The arrow barely misses the gnoll.
The gnoll completely misses you.
The gnoll hits you from afar with a +0 spear.
The endoplasm jiggles.
The gnoll misses you.
You shoot an arrow.
The arrow hits the gnoll but does no damage.
The jackal completely misses you.
The gnoll splashes around in the water.
The gnoll hits you from afar with a +0 spear.
The gnoll completely misses you.
The gnoll hits you with a +0 flail of protection.
You die...

....# ....#
.......... ....#
........#### ....#
..........## ....#
..Jg~~~~... ....+
@.h~~~~~.. ....#
ggl~~~... ....#
#Pg~~~P.. ....#
#@h....# ....#
#h###### ....#
##'######## #####
#.........# #
+.........##.#
#............#
.#..........#
#.........####....#
#.........####.####


You could see 4 gnolls, Jessica, an endoplasm, 3 jackals and a frilled lizard.

Vanquished Creatures
  Terence (D:2)
  A hound skeleton (D:2)
  2 adders (D:2)
  An adder zombie (D:2)
  3 endoplasms (D:2)
  A giant cockroach (D:2)
  5 goblins
  A hobgoblin (D:2)
  2 jackals (D:2)
  5 kobolds
  4 quokkas (D:2)
  4 ball pythons (D:2)
  5 bats
  A rat (D:1)
36 creatures vanquished.

Notes
Turn   | Place    | Note
-------+----------+-------------------------------------------
     0 | D:1      | qw the Spriggan Hunter began the quest for the Orb.
     0 | D:1      | Reached XP level 1. HP: 10/10 MP: 2/2
     0 | D:1      | 0 ||| qw: Version: 0.3-a-160-g6735b56
     0 | D:1      | 0 ||| qw: Game counter: 5566
     0 | D:1      | 0 ||| qw: Melee chars always use a shield: true
     0 | D:1      | 0 ||| qw: God list: Okawaru
     0 | D:1      | 0 ||| qw: Allow faded altars: false
     0 | D:1      | 0 ||| qw: Do Orc after clearing Dungeon:15 true
     0 | D:1      | 0 ||| qw: Do second Lair branch before Depths: true
     0 | D:1      | 0 ||| qw: Lair rune preference: random
     0 | D:1      | 0 ||| qw: Goals: Normal
     0 | D:1      | 0 ||| PLANNING D:1-11
    56 | D:1      | Reached skill level 3 in Dodging
   148 | D:1      | Reached XP level 2. HP: 14/14 MP: 3/3
   360 | D:1      | 360 ||| UPGRADING to +0 cloak.
   365 | D:1      | 365 ||| READING 2 scrolls labelled FOMEBI MINLYING.
   365 | D:1      | 365 ||| IDENTIFYING 3 scrolls labelled ARALLO TOIPHIXT
   366 | D:1      | 366 ||| DROPPING scroll of butterflies.
   367 | D:1      | 367 ||| DROPPING 3 scrolls of immolation.
   557 | D:2      | Noticed Terence
   560 | D:2      | Reached XP level 3. HP: 18/18 MP: 4/4
   568 | D:2      | HP: 4/18 [Terence/+2 flail of pain (1)]
   576 | D:2      | Killed Terence
   705 | D:2      | Reached XP level 4. HP: 6/22 MP: 5/5
   706 | D:2      | HP: 5/22 [poisoned by an adder]
   962 | D:2      | Noticed Jessica
   971 | D:2      | HP: 2/22 [gnoll/+0 spear (6)]
   971 | D:2      | Slain by a gnoll

Levels and vault maps discovered:
D:1:      scummos_arrival_hexagon, layout_basic
D:2:      layout_basic, serial_undead, serial_undead_c, serial_undead_d,
          serial_undead_f, serial_undead_a, serial_undead_c, serial_undead_f,
          serial_undead_c, uniq_jessica, uniq_terence

Skill      XL: |  1  2  3  4 |
---------------+-------------+-----
Dodging        | 3 4 5 |  5.0
Ranged Weapons | 5 |  5.0
Fighting       | |  1.5
Stealth        | |  1.5

Action                     |  1- 3 |  4- 6 || total
---------------------------+-------+-------++-------
   Fire: Shortbow          |    66 |    24 ||    90
    Use: Scroll            |     1 |       ||     1
 Armour: Robe              |     7 |     6 ||    13
  Dodge: Dodged            |    29 |    15 ||    44

Table legend:
 A = Non-vault XP
 B = Vault XP
 C = Vault XP percentage of total XP
 D = Non-vault monster count
 E = Vault monster count
 F = Vault count percentage of total count
                 A         B        C        D         E       F
            +---------+---------+-------+---------+---------+-------
      Total |      82 |      62 |  43.1 |      33 |       3 |   8.3
            +---------+---------+-------+---------+---------+-------
        D:1 |      13 |       0 |   0.0 |       8 |       0 |   0.0
        D:2 |      69 |      62 |  47.3 |      25 |       3 |  10.7
            +---------+---------+-------+---------+---------+-------
